 Dungeon Crawl Stone Soup version 0.29-a0-872-g797fff5ad1 (webtiles) character file.

Game seed: 15132786286842838761

407881 snetch the Slayer (level 22, -6/231 HPs)
             Began as a Minotaur Berserker on July 13, 2022.
             Was the Champion of Trog.
             Mangled by the Royal Jelly (13 damage)
             ... on level 5 of the Pits of Slime on July 18, 2022.
             The game lasted 03:15:50 (47743 turns).

snetch the Slayer (Minotaur Berserker)             Turns: 47743, Time: 03:15:51

Health: -6/231     AC: 21    Str: 37    XL:     22   Next: 41%
Magic:  21/21      EV: 14    Int: 10    God:    Trog [******]
Gold:   2204       SH:  5    Dex: 12    Spells: 21/21 levels left

rFire   + . .      SeeInvis .   a - +8 frozen axe "Frostbite" {freezing cloud, *Noise Fly rC+}
rCold   + + +      Faith    .   (shield currently unavailable)
rNeg    . . .      Spirit   .   w - +0 plate armour {rF+}
rPois   +          Reflect  +   (helmet restricted)
rElec   +          Harm     .   Y - +1 cloak of Responsibility {rC+ rCorr Slay+4}
rCorr   +          Rampage  .   m - +2 pair of gloves {Stlth+}
Will    ++...                   u - +0 pair of boots
Stlth   ..........              e - amulet of Ugedorru {Reflect Regen+ rCorr SH+5}
HPRegen 1.28/turn               G - ring "Utaorch" {rElec rPois Will+ Int+6 Dex+4}
MPRegen 0.17/turn               s - ring "Femozaja" {rC+ Str+6 Slay+3}

@: about to teleport, corroded, flying, studying 2 skills
A: horns 2, retaliatory headbutt, clumsy 1, weak 1, subdued magic 1
}: 2/15 runes: serpentine, barnacled
a: Renounce Religion, Berserk, Trog's Hand, Brothers in Arms


You were on level 5 of the Pits of Slime.
You worshipped Trog.
Trog was exalted by your worship.
You visited 8 branches of the dungeon, and saw 40 of its levels.
You visited the Abyss 2 times.
You also visited: Sewer, Gauntlet, Ice Cave and Volcano.

You collected 3680 gold pieces.
You spent 1476 gold pieces at shops.

Inventory:

Hand Weapons
 a - the +8 frozen axe "Frostbite" (weapon) {freezing cloud, *Noise Fly rC+}
   (You found it in an ice cave)

   It freezes those it strikes, dealing additional cold damage.
   It can also slow down cold-blooded creatures.
   It occasionally leaves clouds of freezing vapour upon striking a foe.
   It grants immunity to clouds of freezing vapour.
   rC:        It protects you from cold.
   Fly:       It grants you flight.
   *Noise:    It may make noises in combat.
 b - the +5 trident "Hemam" {antimagic, rC+ Str+3 Dex+2 SInv}
   (You found it on level 13 of the Dungeon)

   It reduces the magical energy of the wielder, and disrupts the spells and
   magical abilities of those it strikes.
   Natural abilities and divine invocations are not affected.
   Str:       It affects your strength (+3).
   Dex:       It affects your dexterity (+2).
   rC:        It protects you from cold.
   SInv:      It lets you see invisible.
 c - the +11 hand axe of Wondrous Power {antimagic, rElec rCorr Str+4}
   (Trog gifted it to you on level 3 of the Elven Halls)

   It reduces the magical energy of the wielder, and disrupts the spells and
   magical abilities of those it strikes.
   Natural abilities and divine invocations are not affected.
   Str:       It affects your strength (+4).
   rElec:     It insulates you from electricity.
   rCorr:     It protects you from acid and corrosion.
Missiles
 d - 233 stones
 g - 24 poisoned darts
 p - 4 boomerangs of dispersal
 z - a throwing net
 C - 7 curare-tipped darts
 F - 20 boomerangs (quivered)
 I - 11 javelins
 M - 9 silver boomerangs
 R - 6 silver javelins
Armour
 m - a +2 pair of gloves of stealth (worn)
 u - a +0 pair of boots (worn)
 w - a +0 plate armour of fire resistance (worn)
 Y - the +1 cloak of Responsibility (worn) {rC+ rCorr Slay+4}
   (You bought it in a shop on level 2 of the Orcish Mines)

   Slay:      It affects your accuracy & damage with ranged weapons and melee
   (+4).
   rC:        It protects you from cold.
   rCorr:     It protects you from acid and corrosion.
Jewellery
 e - the amulet of Ugedorru (around neck) {Reflect Regen+ rCorr SH+5}
   (You found it in a Gauntlet)

   [amulet of reflection]

   It reflects blocked missile attacks.
   Regen:     It increases your rate of health regeneration.
   rCorr:     It protects you from acid and corrosion.
   SH:        It affects your SH (+5).
 k - the ring "Votoes" {rN+ MP+9 Stlth+}
   (You acquired it on level 2 of the Snake Pit)

   [ring of magical power]

   rN:        It protects you from negative energy.
   MP:        It affects your magic capacity (+9).
   Stlth:     It makes you more stealthy.
 s - the ring "Femozaja" (right hand) {rC+ Str+6 Slay+3}
   (You found it in a Gauntlet)

   [ring of strength]

   Str:       It affects your strength (+6).
   Slay:      It affects your accuracy & damage with ranged weapons and melee
   (+3).
   rC:        It protects you from cold.
 G - the ring "Utaorch" (left hand) {rElec rPois Will+ Int+6 Dex+4}
   (You acquired it on level 2 of the Elven Halls)

   [ring of intelligence]

   Int:       It affects your intelligence (+6).
   Dex:       It affects your dexterity (+4).
   rElec:     It insulates you from electricity.
   rPois:     It protects you from poison.
   Will:      It increases your willpower.
Wands
 r - a wand of digging (8)
 B - a wand of flame (36)
 L - a wand of charming (39)
 P - a wand of iceblast (36)
 Q - a wand of mindburst (20)
 X - a wand of light (22)
Scrolls
 h - 6 scrolls of blinking
 n - 5 scrolls of poison
 o - 20 scrolls of teleportation
 q - 8 scrolls of fog
 t - 5 scrolls of fear
 x - 5 scrolls of magic mapping
 E - 3 scrolls of silence
 K - 9 scrolls of immolation
 O - a scroll of summoning
 W - 3 scrolls of torment
Potions
 f - 5 potions of lignification
 i - 4 potions of attraction
 j - 11 potions of curing
 l - 13 potions of heal wounds
 y - 2 potions of invisibility
 A - 7 potions of mutation
 H - 6 potions of might
 J - 7 potions of ambrosia
 N - 6 potions of resistance
 T - 2 potions of cancellation
 V - a potion of haste
Miscellaneous
 v - a tin of tremorstones (2/2)
 D - a piece from Xom's chessboard (15/15)
 S - a lightning rod (4/4)
 U - a condenser vane
 Z - a phantom mirror


   Skills:
 + Level 26.3 Fighting
 - Level 23.4(24.0) Axes
 - Level 6.4(16.7) Maces & Flails
 - Level 6.0(16.5) Polearms
 + Level 11.9 Throwing
 + Level 22.0 Armour
 * Level 11.5 Dodging
 + Level 3.4 Stealth
 - Level 7.8 Shields
 + Level 5.4 Evocations


You had 21 spell levels left.
You didn't know any spells.
Your spell library contained the following spells:

 Spells                   Type           Power      Damage    Failure   Level
 Apportation              Tloc           0%         N/A       69%         1
 Necrotise                Necr           0%         1d4       69%         1
 Sandblast                Erth           0%         2d4       69%         1
 Shock                    Conj/Air       0%         1d3       69%         1
 Blink                    Tloc           0%         N/A       83%         2
 Ensorcelled Hibernation  Hex/Ice        0%         N/A       83%         2
 Passwall                 Tmut/Erth      0%         N/A       83%         2
 Poisonous Vapours        Pois/Air       0%         N/A       83%         2
 Scorch                   Fire           0%         2d5       83%         2
 Static Discharge         Conj/Air       0%         3-3/arc   83%         2
 Sublimation of Blood     Necr           0%         N/A       83%         2
 Wereblood                Tmut           0%         N/A       83%         2
 Call Canine Familiar     Summ           0%         N/A       96%         3
 Conjure Flame            Conj/Fire      0%         6-21      96%         3
 Gell's Gravitas          Tloc           0%         N/A       96%         3
 Ignite Poison            Fire/Tmut/Pois 0%         N/A       96%         3
 Inner Flame              Hex/Fire       0%         N/A       96%         3
 Lesser Beckoning         Tloc           0%         N/A       96%         3
 Mephitic Cloud           Conj/Pois/Air  0%         N/A       96%         3
 Portal Projectile        Hex/Tloc       0%         N/A       96%         3
 Stone Arrow              Conj/Erth      0%         3d7       96%         3
 Summon Guardian Golem    Hex/Summ       0%         N/A       96%         3
 Swiftness                Air            0%         N/A       96%         3
 Teleport Other           Tloc           0%         N/A       96%         3
 Tukima's Dance           Hex            0%         N/A       96%         3
 Vampiric Draining        Necr           0%         2d6       96%         3
 Airstrike                Air            0%         0-1+      100%        4
 Animate Armour           Summ/Erth      0%         N/A       100%        4
 Animate Dead             Necr           0%         N/A       100%        4
 Cause Fear               Hex            0%         N/A       100%        4
 Corpse Rot               Necr/Pois/Air  0%         N/A       100%        4
 Dispel Undead            Necr           0%         3d6       100%        4
 Flame Wave               Conj/Fire      0%         2d4       100%        4
 Hailstorm                Conj/Ice       0%         3d3       100%        4
 Leda's Liquefaction      Hex/Erth       0%         N/A       100%        4
 Passage of Golubria      Tloc           0%         N/A       100%        4
 Sticky Flame             Conj/Fire      0%         2d3       100%        4
 Agony                    Necr           0%         N/A       100%        5
 Alistair's Intoxication  Tmut/Pois      0%         N/A       100%        5
 Blade Hands              Tmut           0%         N/A       100%        5
 Borgnjor's Vile Clutch   Necr/Erth      0%         N/A       100%        5
 Freezing Cloud           Conj/Ice/Air   0%         6-21      100%        5
 Irradiate                Conj/Tmut      0%         3d11      100%        5
 Iskenderun's Battlesphe  Conj           0%         2d6       100%        5
 Lee's Rapid Deconstruct  Erth           0%         3d5*      100%        5
 Lightning Bolt           Conj/Air       0%         1d11      100%        5
 Manifold Assault         Tloc           0%         N/A       100%        5
 Summon Mana Viper        Hex/Summ       0%         N/A       100%        5
 Yara's Violent Unravell  Hex/Tmut       0%         3d3       100%        5
 Death Channel            Necr           0%         N/A       100%        6
 Eringya's Noxious Bog    Tmut/Pois      0%         N/A       100%        6
 Iron Shot                Conj/Erth      0%         9d1       100%        6
 Statue Form              Tmut/Erth      0%         N/A       100%        6
 Summon Cactus Giant      Summ           0%         N/A       100%        6
 Dragon Form              Tmut           0%         N/A       100%        7
 Orb of Destruction       Conj           0%         9d5       100%        7
 Ozocubu's Refrigeration  Ice            0%         4d5       100%        7
 Spellforged Servitor     Conj/Summ      0%         N/A       100%        7
 Storm Form               Tmut/Air       0%         N/A       100%        7
 Summon Hydra             Summ           0%         N/A       100%        7
 Discord                  Hex            0%         N/A       100%        8
 Disjunction              Tloc           0%         N/A       100%        8
 Ignition                 Fire           0%         3d3       100%        8
 Lehudib's Crystal Spear  Conj/Erth      0%         10d2      100%        8
 Maxwell's Capacitive Co  Air            0%         ∞         100%        8
 Dragon's Call            Summ           0%         N/A       100%        9
 Fire Storm               Conj/Fire      0%         5d1       100%        9


Dungeon Overview and Level Annotations

Branches:
Dungeon (15/15)            Temple (1/1) D:6            Lair (6/6) D:9
 Shoals (4/4) Lair:2        Snake (4/4) Lair:3        Slime (5/5) Lair:6
    Orc (2/2) D:12            Elf (3/3) Orc:2        Vaults (0/5) D:14
 Depths (0/4) D:15          Sewer (visited)           IceCv (visited)
Volcano (visited)         Gauntlet (visited)

Altars:
Ashenzari
Cheibriados
Dithmenos
Elyvilon
Fedhas
Gozag
Hepliaklqana
Kikubaaqudgha
Makhleb
Nemelex Xobeh
Okawaru
Qazlal
Ru
Sif Muna
Trog
Uskayaw
Vehumet
Wu Jian
Xom
Yredelemnul
Zin
The Shining One
Jiyva

Shops:
D:7 ?   Orc:1 **   Orc:2 ([[[   Elf:3 =:=   Shoals:2 (   Snake:2 ?(*[=
Snake:3 *   Snake:4 *

Portals:
Trove: D:10 (give +4 demon whip)

Annotations:
D:4 spectral beasts behind stone
Snake:1 2 transporters, coolguy69's ghost, adept VSMo
Slime:5 Royal Jelly


Innate Abilities, Weirdness & Mutations

You have a pair of horns on your head.
You reflexively headbutt those who attack you in melee.
You are clumsy. (Dex -2)
You are weak. (Str -2)
Your spells are a little easier to cast, but a little less powerful.


Message History

The quicksilver ooze closely misses you.
The quicksilver ooze hits you but does no damage.
Unknown command.
You slash the quicksilver ooze! You freeze the quicksilver ooze.
Your headbutt misses the quicksilver ooze.
The quicksilver ooze is moderately wounded.
You barely miss the azure jelly. You slice the quicksilver ooze!!
You freeze the quicksilver ooze.
You kill the quicksilver ooze!
That felt strangely unrewarding.
Your skin stops crawling.
You feel less strong-willed.
The quicksilver ooze is engulfed in freezing vapours.
The quicksilver ooze hits you!
* * * LOW HITPOINT WARNING * * *
The quicksilver ooze engulfs you! The quicksilver ooze misses you.
The rockslime is engulfed in freezing vapours.
You carve the quicksilver ooze like a ham!!!
You freeze the quicksilver ooze!
You kill the quicksilver ooze!
That felt strangely unrewarding.
You gasp with relief as air once again reaches your lungs.
You closely miss the azure jelly. The azure jelly misses you.
The azure jelly barely misses you.
The azure jelly hits you but does no damage.
You block the azure jelly's attack.
You slice the Royal Jelly!! You freeze the Royal Jelly.
Your hands burn!
* * * LOW HITPOINT WARNING * * *
You headbutt the Royal Jelly.
The Royal Jelly is heavily wounded.
You chop the azure jelly into pieces!!! You freeze the azure jelly!
You hit the quicksilver ooze. You freeze the quicksilver ooze.
The Royal Jelly shudders violently.
The Royal Jelly spits out three more jellies.
The Royal Jelly is engulfed in freezing vapours.
The Royal Jelly hits you!!
* * * LOW HITPOINT WARNING * * *
You are splashed with acid.
You resist.
* * * LOW HITPOINT WARNING * * *
The Royal Jelly hits you!
You die...

###...................#
#....................##
#.................#
#.................#
#................##
#................#
##..JJJ..........##
##...JJJ..........#
#....J@...........#
##................#.#
##..................##
##................##..
..................
..................
.................#
.................#
..............#


You could see the Royal Jelly, an acid blob, an azure jelly, 2 rockslimes and 2
quicksilver oozes.

Vanquished Creatures
  Vashnia (Snake:2)
  Saint Roka (Orc:2)
  Jorgrun (Snake:2)
  Mlioglotl (Shoals:4)
  A deep elf blademaster (Elf:3)
  A lich (Abyss:3)
  A deep elf master archer (Elf:3)
  Polyphemus (Shoals:2)
  A tentacled starspawn (Abyss:3)
  15 acid blobs
  Frances (Elf:1)
  A sphinx (D:15)
  Kirke (Shoals:2)
  13 nagarajas
  The ghost of Popparot the Eclecticist, an adept DgCj (Shoals:2)
  5 rockslimes
  6 azure jellies
  Ilsuiw (Shoals:2)
  Aizul (Snake:2)
  6 deep elf sorcerers
  Louise (Snake:2)
  The ghost of Etewkasm the Grappler, a journeyman TrMo of Jiyva (Lair:5)
  4 deep elf elementalists (Elf:3)
  5 quicksilver oozes
  4 very ugly things (Abyss:3)
  A minotaur (Gauntlet)
  3 deep elf demonologists (Elf:3)
  3 deep elf annihilators
  A white draconian (Abyss:3)
  A fire dragon (Lair:6)
  An ettin (D:15)
  7 deep elf death magi
  Josephine (D:12)
  4 merfolk javelineers
  12 merfolk impalers
  Fannar (D:12)
  2 deep elf high priests (Elf:3)
  4 vault guards (D:14)
  6 boulder beetles
  A rakshasa (D:15)
  6 great orbs of eyes
  The ghost of Atuuduag the Geomancer, a journeyman DEEE of Sif Muna (D:13)
  6 hydras
  2 salamander tyrants
  An ogre mage (D:15)
  4 merfolk avatars
  A catoblepas (Shoals:2)
  8 centaur warriors
  6 merfolk aquamancers
  A death knight (D:15)
  An alligator snapping turtle (Shoals:1)
  3 satyrs
  6 two-headed ogres
  18 naga warriors
  13 death yaks
  14 anacondas
  A deep troll earth mage (D:15)
  3 thrashing horrors (Abyss:3)
  4 shock serpents
  20 dancing weapons
  An orc high priest (Orc:2)
  A tengu warrior (D:14)
  16 naga sharpshooters
  3 wretched stars (Abyss:3)
  12 deep elf knights
  7 hell knights (D:10)
  A skeletal warrior (D:15)
  A sun demon (Volcano)
  Sonja (Lair:5)
  3 salamander mystics
  11 sea snakes
  A swamp dragon (Lair:6)
  9 naga ritualists
  A harpy (shapeshifter) (Abyss:3)
  Pikel (D:6)
  13 harpies
  A phantasmal warrior (D:15)
  10 deep elf archers
  29 deep elf pyromancers
  A lindwurm (Lair:3)
  10 wizards (D:12)
  An orc knight (Orc:2)
  29 deep elf zephyrmancers
  11 mana vipers
  8 orc sorcerers
  23 ugly things
  9 cyclopes
  An oklob plant (Lair:2)
  2 shining eyes
  16 manticores
  A wolf spider (D:14)
  16 fauns
  3 eyes of devastation
  17 salamanders
  8 elephants
  A worldbinder (Abyss:3)
  45 black mambas
  11 merfolk sirens
  7 guardian serpents
  An ice statue (IceCv)
  14 naga magi
  2 smoke demons (Abyss:3)
  Maggie (D:7)
  19 cane toads
  2 unseen horrors
  7 water nymphs
  9 rime drakes
  A kobold demonologist (D:13)
  A gargoyle (D:13)
  2 komodo dragons (shapeshifter)
  11 komodo dragons
  A freezing wraith (D:14)
  2 hellwings (Abyss:3)
  An efreet (D:14)
  6 tengu conjurers
  A wind drake (shapeshifter) (D:15)
  6 trolls
  41 merfolk
  2 ancient zymes (Abyss:3)
  A wolf spider simulacrum (Gauntlet)
  9 large abominations (Abyss:3)
  6 wind drakes
  7 polar bears
  A hornet (D:13)
  93 slime creatures
  20 blink frogs
  10 snapping turtles
  A raiju (Gauntlet)
  7 dream sheep (Lair:6)
  3 air elementals
  12 water elementals
  2 ynoxinuls (Abyss:3)
  74 yaks
  2 spriggans (D:13)
  Sigmund (D:5)
  A wyvern (Lair:4)
  9 wraiths
  4 centaur simulacra (Gauntlet)
  Eustachio (D:5)
  2 basilisks
  11 golden eyes
  3 fire elementals
  2 hogs (Shoals:2)
  5 steam dragons
  7 vampire mosquitoes
  2 neqoxecs (Abyss:3)
  4 wargs
  36 nagas
  3 acid dragons
  15 water moccasins
  A swamp drake (Lair:6)
  26 orc warriors
  8 hell hounds
  6 black bears
  5 sky beasts
  19 starcursed masses (Abyss:3)
  3 ice beasts
  A black bear (shapeshifter) (D:14)
  An ice dragon simulacrum (Gauntlet)
  5 ogres
  A boggart (D:13)
  14 centaurs
  32 wolves
  A lemure (D:7)
  2 phantoms
  3 kobold brigands
  10 bullfrogs
  4 earth elementals
  A scorpion (D:6)
  8 wights (D:9)
  3 hornet simulacra
  6 small abominations (Abyss:3)
  19 killer bees
  3 electric eels
  5 howler monkeys
  A wyvern simulacrum (Gauntlet)
  3 hounds
  8 orc priests
  A gnoll bouda (D:7)
  A jelly (D:5)
  7 iguanas
  Ijyb (D:5)
  25 orc wizards
  6 adders
  8 gnolls
  A river rat (Sewer)
  3 white imps
  4 worms
  2 dart slugs
  85 orcs
  4 ball pythons
  4 endoplasms
  11 giant cockroaches
  7 hobgoblins
  7 jackals
  19 kobolds
  8 quokkas
  10 bats
  8 frilled lizards
  13 goblins
  10 rats
  14 bushes (Lair:2)
  2 plants (Lair:2)
1528 creatures vanquished.

Vanquished Creatures (collateral kills)
  A frost giant (IceCv)
  A deep elf elementalist (Elf:3)
  A deep elf demonologist (Elf:3)
  A death yak (IceCv)
  A deep elf archer (Elf:3)
  A deep elf zephyrmancer (Elf:3)
  A rime drake (IceCv)
  A polar bear (IceCv)
  2 yaks (IceCv)
  A fire elemental (Elf:3)
11 creatures vanquished.

Vanquished Creatures (others)
  The ghost of RBrandon the Transmogrifier, an adept DsBr of Yredelemnul (Shoals:1)
  2 deep elf knights (Elf:2)
  A naga sharpshooter (Snake:1)
  A sea snake (Shoals:1)
  A black mamba (Snake:2)
  A merfolk siren (Shoals:3)
  A merfolk (Shoals:1)
  A wind drake (Shoals:1)
  A human (Shoals:2)
  A killer bee (D:8)
  25 fungi
  122 plants
158 creatures vanquished.

Grand Total: 1697 creatures vanquished

Notes
Turn   | Place    | Note
-------+----------+-------------------------------------------
     0 | D:1      | snetch the Minotaur Berserker began the quest for the Orb.
     0 | D:1      | Reached XP level 1. HP: 19/19 MP: 0/0
   167 | D:1      | Reached XP level 2. HP: 24/27 MP: 1/1
   374 | D:2      | Reached skill level 4 in Fighting
   471 | D:1      | Reached ** piety under Trog
   496 | D:1      | Reached skill level 1 in Maces & Flails
   533 | D:1      | Reached XP level 3. HP: 33/33 MP: 2/2
  1285 | D:2      | Reached XP level 4. HP: 38/40 MP: 3/3
  1325 | D:2      | Found a faded altar of an unknown god.
  1362 | D:2      | Reached *** piety under Trog
  2026 | D:3      | Reached skill level 1 in Throwing
  2026 | D:3      | Reached XP level 5. HP: 46/46 MP: 4/4
  2295 | D:3      | Got the Lectures on Blazing Putrescence
  2794 | D:5      | Entered Level 5 of the Dungeon
  2794 | D:5      | Noticed Sigmund
  2798 | D:5      | Noticed an ice beast
  2802 | D:5      | Killed Sigmund
  2803 | D:5      | Reached skill level 5 in Axes
  2803 | D:5      | Reached XP level 6. HP: 53/53 MP: 5/5
  2803 | D:5      | Killed an ice beast
  2855 | D:5      | Noticed Eustachio
  2867 | D:5      | Killed Eustachio
  2868 | D:5      | Reached XP level 7. HP: 54/60 MP: 6/6
  2896 | D:5      | Reached skill level 5 in Fighting
  2896 | D:5      | Reached skill level 5 in Armour
  2904 | D:5      | Reached **** piety under Trog
  2914 | D:5      | Noticed Ijyb
  2927 | D:5      | Killed Ijyb
  2931 | D:5      | Reached XP level 8. HP: 54/68 MP: 4/7
  2943 | D:5      | Found a glowing drain.
  2966 | Sewer    | Entered a sewer
  3131 | Sewer    | Found a glowing silver altar of Zin.
  3455 | D:4      | Found an ornate altar of the Wu Jian Council.
  3460 | D:4      | Noticed a spectral centipede
  3460 | D:4      | Noticed a spectral black mamba
  4282 | D:7      | Noticed Pikel
  4283 | D:7      | Noticed Maggie
  4313 | D:6      | Killed Pikel
  4314 | D:6      | Reached skill level 6 in Fighting
  4577 | D:7      | Killed Maggie
  4578 | D:7      | Reached XP level 9. HP: 55/77 MP: 5/8
  4692 | D:6      | Reached skill level 1 in Stealth
  4784 | D:6      | Reached ***** piety under Trog
  5122 | D:6      | Found a staircase to the Ecumenical Temple.
  5135 | Temple   | Entered the Ecumenical Temple
  6115 | D:7      | Found Neru's Magic Scroll Emporium.
  6118 | D:7      | Bought a scroll of identify for 24 gold pieces
  6118 | D:7      | Bought a scroll of enchant weapon for 90 gold pieces
  6118 | D:7      | Bought a scroll of noise for 12 gold pieces
  6118 | D:7      | Bought a scroll of magic mapping for 90 gold pieces
  6118 | D:7      | Bought a scroll of amnesia for 48 gold pieces
  6606 | D:8      | Reached skill level 5 in Maces & Flails
  6895 | D:8      | Reached skill level 7 in Fighting
  6895 | D:8      | Reached skill level 5 in Dodging
  8162 | D:9      | Reached XP level 10. HP: 52/84 MP: 7/9
  8293 | D:9      | Found a staircase to the Lair.
  8293 | D:9      | Noticed an elephant
  8293 | D:9      | Noticed a death yak
  8310 | D:9      | Killed an elephant
  8321 | D:9      | Killed a death yak
  8322 | D:9      | Reached skill level 10 in Axes
  8322 | D:9      | Reached skill level 5 in Throwing
  8591 | D:10     | Entered Level 10 of the Dungeon
  9882 | D:10     | Reached skill level 8 in Fighting
  9882 | D:10     | Reached skill level 10 in Armour
 10056 | D:10     | Reached XP level 11. HP: 47/94 MP: 6/10
 10503 | D:10     | Found a portal to a secret trove of treasure.
 10644 | D:10     | Noticed a hell knight
 10645 | D:10     | Noticed a hell knight
 10649 | D:10     | Noticed a hell knight
 10660 | D:10     | Killed a hell knight
 10902 | D:10     | Noticed a hell knight
 10906 | D:10     | Noticed a hell knight
 10950 | D:10     | Killed a hell knight
 11224 | D:10     | Killed a hell knight
 11225 | D:10     | Reached skill level 1 in Polearms
 11230 | D:10     | Noticed a hell knight
 11248 | D:10     | Killed a hell knight
 11373 | D:10     | Killed a hell knight
 11418 | D:10     | Killed a hell knight
 11419 | D:10     | Reached skill level 9 in Fighting
 11500 | D:10     | Noticed a hell knight
 11524 | D:10     | HP: 4/97 [hell knight/bolt of fire (26)]
 11566 | D:10     | Killed a hell knight
 11762 | D:10     | Reached skill level 5 in Polearms
 12450 | D:11     | Reached skill level 10 in Fighting
 12450 | D:11     | Reached XP level 12. HP: 106/106 MP: 11/11
 12481 | D:11     | Noticed a boulder beetle
 12490 | D:11     | Killed a boulder beetle
 12714 | D:12     | Found a frozen archway.
 12733 | IceCv    | Entered an ice cave
 12972 | IceCv    | Noticed a death yak
 12976 | IceCv    | Noticed a death yak
 12997 | IceCv    | Killed a death yak
 13002 | IceCv    | Killed a death yak
 13188 | IceCv    | Noticed a death yak
 13204 | IceCv    | Killed a death yak
 13211 | IceCv    | Reached skill level 11 in Fighting
 13420 | IceCv    | Noticed a death yak
 13430 | IceCv    | Killed a death yak
 13479 | IceCv    | Noticed a death yak
 13481 | IceCv    | Noticed a death yak
 13487 | IceCv    | Noticed a death yak
 13489 | IceCv    | Killed a death yak
 13491 | IceCv    | Reached skill level 15 in Axes
 13498 | IceCv    | Noticed a death yak
 13507 | IceCv    | Killed a death yak
 13511 | IceCv    | Killed a death yak
 13513 | IceCv    | Killed a death yak
 13514 | IceCv    | Reached skill level 12 in Fighting
 13756 | IceCv    | Noticed a frost giant
 13756 | IceCv    | Noticed a death yak
 13768 | IceCv    | Killed a frost giant
 13773 | IceCv    | Killed a death yak
 13776 | IceCv    | Reached XP level 13. HP: 28/119 MP: 3/12
 14083 | IceCv    | Found the +8 frozen axe "Frostbite" {freezing cloud, *Noise
                  | Fly rC+}
 14839 | D:12     | Reached skill level 13 in Fighting
 15288 | D:12     | Noticed Josephine
 15297 | D:12     | Killed Josephine
 15507 | D:12     | Noticed Fannar
 15528 | D:12     | Killed Fannar
 15661 | Abyss:3  | Cast into level 3 of the Abyss (a wizard)
 15757 | D:12     | Escaped the Abyss
 15915 | D:12     | Identified the +1 robe of the Moneychanger {rElec rF++}
 15922 | D:12     | Paralysed by an orc sorcerer for 3 turns
 16091 | D:12     | Found a staircase to the Orcish Mines.
 16523 | D:13     | Found a runed translucent door.
 16524 | D:13     | Identified the +2 trident of Makhleb's Hope {vorpal, SInv}
 16528 | D:13     | Noticed Atuuduag's ghost (journeyman DEEE)
 16851 | D:13     | Reached skill level 14 in Fighting
 17004 | D:13     | Reached XP level 14. HP: 104/132 MP: 9/13
 17112 | D:13     | Identified the +5 trident "Hemam" {antimagic, rC+ Str+3
                  | Dex+2 SInv}
 17143 | D:13     | Got the Compilation of Toxicity
 17219 | D:14     | Paralysed by an air elemental for 1 turns
 17943 | Lair:1   | Entered Level 1 of the Lair of Beasts
 19186 | Lair:3   | Received a gift from Trog
 19439 | Lair:2   | Found a staircase to the Shoals.
 20073 | Lair:2   | Found a blossoming altar of Fedhas.
 20696 | Lair:4   | Found a gate leading to a gauntlet.
 20727 | Lair:4   | Upgraded the game from 0.29-a0-838-g385bb11a5b to
                  | 0.29-a0-841-g116ddc6ace
 20738 | Gauntlet | Entered a Gauntlet
 20738 | Gauntlet | Found a transporter.
 20748 | Gauntlet | Found a transporter.
 20759 | Gauntlet | Found a transporter.
 20762 | Gauntlet | Found a transporter.
 20770 | Gauntlet | Found a transporter.
 20792 | Gauntlet | Found a transporter.
 20798 | Gauntlet | Found the brooch of Shielding {Spirit SH+8}
 20803 | Gauntlet | Found a transporter.
 20814 | Gauntlet | Found a transporter.
 20833 | Gauntlet | Found a transporter.
 20846 | Gauntlet | Found a transporter.
 20847 | Gauntlet | Found a transporter.
 20896 | Gauntlet | Found a transporter.
 20914 | Gauntlet | Found a transporter.
 20914 | Gauntlet | Found a runed translucent door.
 20923 | Gauntlet | Found a transporter.
 21221 | Gauntlet | Identified the amulet of Ugedorru {Reflect Regen+ rCorr
                  | SH+5}
 21284 | Gauntlet | Identified the ring "Femozaja" {rC+ Str+6 Slay+3}
 21588 | Lair:3   | Reached skill level 15 in Fighting
 21856 | Lair:3   | Found a staircase to the Snake Pit.
 22079 | Lair:3   | Reached skill level 15 in Armour
 22079 | Lair:3   | Reached XP level 15. HP: 143/143 MP: 14/14
 22252 | Lair:3   | Reached ****** piety under Trog
 22650 | Lair:4   | Received a gift from Trog
 22794 | Lair:5   | Noticed Etewkasm's ghost (journeyman TrMo)
 23225 | Lair:5   | Found the +3 giant club "Skullcrusher" {speed, Str+7}
 23262 | Lair:6   | Entered Level 6 of the Lair of Beasts
 23278 | Lair:6   | Reached XP level 16. HP: 151/151 MP: 15/15
 23279 | Lair:6   | Reached skill level 1 in Shields
 23282 | Lair:6   | Reached skill level 16 in Fighting
 23315 | Lair:6   | Reached skill level 1 in Evocations
 23359 | Lair:6   | Found a dark tunnel.
 23375 | Volcano  | Entered a volcano
 23773 | Lair:5   | Noticed Sonja
 23781 | Lair:5   | Killed Sonja
 23862 | Lair:5   | Found a runed translucent door.
 23969 | Lair:5   | Identified the +4 leather armour "Kopp" {+Blink Int+4}
 24014 | Lair:6   | Received a gift from Trog
 24443 | Lair:5   | Killed Etewkasm's ghost
 24659 | Lair:6   | Found a viscous altar of Jiyva.
 24659 | Lair:6   | Found a staircase to the Slime Pits.
 24915 | Lair:6   | Got Sif Muna's Folio of Unholy Mysteries and Ozone
 25468 | Orc:1    | Entered Level 1 of the Orcish Mines
 25728 | Orc:1    | Found Ytios's Mass Market.
 25739 | Orc:1    | Found Dimimiam's Desiderata Depot.
 25931 | Orc:2    | Entered Level 2 of the Orcish Mines
 26352 | Orc:2    | Identified the +9 bardiche of Tepsaciq {vorpal, rCorr}
                  | (Trog gifted it to you on level 2 of the Orcish Mines)
 26352 | Orc:2    | Received a gift from Trog
 26474 | Orc:2    | Found Qyw Xyt's Antique Armour Shop.
 26600 | Orc:2    | Noticed Saint Roka
 26669 | Orc:2    | Killed Saint Roka
 26794 | Orc:2    | Found Depubruph's Antique Weapon Boutique.
 26809 | Orc:2    | Found Riyphij's Antique Armour Shop.
 26824 | Orc:2    | Bought a pair of transparent gloves for 294 gold pieces
 26824 | Orc:2    | Identified the +3 pair of gloves of Fedhas, Enfolding
                  | {Contam rC+++ MP-9 Str+7} (You bought it in a shop on level
                  | 2 of the Orcish Mines)
 26824 | Orc:2    | Bought a buzzing cloak for 294 gold pieces
 26824 | Orc:2    | Identified the +1 cloak of Responsibility {rC+ rCorr
                  | Slay+4} (You bought it in a shop on level 2 of the Orcish
                  | Mines)
 26906 | Orc:2    | Found a staircase to the Elven Halls.
 26925 | Orc:2    | Found Ijoptoim's Antique Armour Shop.
 27145 | D:13     | Killed Atuuduag's ghost
 27145 | D:13     | Received a gift from Trog
 27218 | D:14     | Found a basalt altar of Yredelemnul.
 27221 | D:14     | Reached skill level 17 in Fighting
 27255 | D:15     | Entered Level 15 of the Dungeon
 27353 | D:14     | Found a gate to the Vaults.
 28048 | D:15     | Reached XP level 17. HP: 161/162 MP: 16/16
 28182 | D:15     | Found a broken altar of Ashenzari.
 28444 | D:15     | Found a staircase to the Depths.
 28656 | D:15     | Found a runed translucent door.
 29123 | Shoals:1 | Entered Level 1 of the Shoals
 29160 | Shoals:1 | Received a gift from Trog
 29169 | Shoals:1 | Reached skill level 18 in Fighting
 29453 | Shoals:1 | Reached skill level 5 in Shields
 29519 | Shoals:1 | Identified the +0 scale mail of the Boiling Point {Rampage
                  | rElec rC++ Str-3}
 29592 | Shoals:1 | Found a runed translucent gate.
 29594 | Shoals:1 | Found a runed translucent gate.
 29594 | Shoals:1 | Found a runed translucent gate.
 29595 | Shoals:1 | Noticed RBrandon's ghost (adept DsBr)
 29894 | Shoals:2 | Noticed Ilsuiw
 29947 | Shoals:2 | Noticed Kirke
 29954 | Shoals:2 | Killed Kirke
 30410 | Shoals:2 | Noticed Polyphemus
 30421 | Shoals:2 | Killed Polyphemus
 30421 | Shoals:2 | Identified the +11 halberd of the Ecumenical Temple {flame,
                  | rC+ Dex+3} (Trog gifted it to you on level 2 of the Shoals)
 30421 | Shoals:2 | Received a gift from Trog
 30588 | Shoals:2 | Found Xunoeruce's Antique Weapon Shoppe.
 30592 | Shoals:2 | Killed Ilsuiw
 30762 | Shoals:2 | Found a runed translucent door.
 30763 | Shoals:2 | Noticed Popparot's ghost (adept DgCj)
 30942 | Shoals:3 | Reached skill level 19 in Fighting
 31360 | Shoals:1 | Killed RBrandon's ghost
 31449 | Shoals:2 | Killed Popparot's ghost
 31455 | Shoals:2 | Identified the +8 whip "Limosmaq" {antimagic, Str+3}
 31524 | Shoals:4 | Entered Level 4 of the Shoals
 31540 | Shoals:3 | Reached XP level 18. HP: 91/176 MP: 17/17
 31564 | Shoals:3 | Received a gift from Trog
 32537 | Shoals:4 | Noticed Mlioglotl
 32546 | Shoals:4 | Killed Mlioglotl
 32788 | Shoals:4 | Reached skill level 20 in Fighting
 32795 | Shoals:4 | Received a gift from Trog
 32802 | Shoals:4 | Got a barnacled rune of Zot
 33109 | Shoals:4 | Identified the amulet "Bimo" {Spirit rF++}
 33111 | Shoals:4 | Upgraded the game from 0.29-a0-841-g116ddc6ace to
                  | 0.29-a0-872-g797fff5ad1
 33549 | Snake:1  | Entered Level 1 of the Snake Pit
 33840 | Snake:1  | Found a transporter.
 34322 | Snake:1  | Found a transporter.
 34404 | Snake:1  | Noticed coolguy69's ghost (adept VSMo)
 34553 | Snake:2  | Received a gift from Trog
 34781 | Snake:2  | Noticed Aizul
 34792 | Snake:2  | Killed Aizul
 34900 | Snake:2  | Found Ycusocko's Antique Armour Shoppe.
 34908 | Snake:2  | Found Cinofusm's Jewellery Emporium.
 35290 | Snake:2  | Reached skill level 21 in Fighting
 35358 | Snake:2  | Noticed Jorgrun
 35379 | Snake:2  | Killed Jorgrun
 35492 | Snake:2  | Noticed Vashnia
 35577 | Snake:2  | Killed Vashnia
 35767 | Snake:2  | Found Jiomeat's Assorted Antiques.
 35768 | Snake:2  | Found Nezuuvicy's Weapon Boutique.
 35770 | Snake:2  | Noticed Louise
 35782 | Abyss:3  | Cast into level 3 of the Abyss (Louise)
 35813 | Abyss:3  | Found a hide-covered altar of Uskayaw.
 35888 | Abyss:3  | Gained mutation: You are clumsy. (Dex -2) [a neqoxec]
 35925 | Abyss:3  | Noticed a lich
 35931 | Abyss:3  | Reached XP level 19. HP: 170/190 MP: 18/18
 35935 | Abyss:3  | Received a gift from Trog
 36274 | Snake:2  | Escaped the Abyss
 36280 | Snake:2  | Killed Louise
 36288 | Snake:2  | Reached skill level 22 in Fighting
 36373 | Snake:2  | Found Jacu's Magic Scroll Boutique.
 36381 | Snake:2  | Bought a scroll of acquirement for 624 gold pieces
 36381 | Snake:2  | Acquired the ring "Votoes" {rN+ MP+9 Stlth+}
 36892 | Snake:3  | Received a gift from Trog
 36948 | Snake:3  | Found Cemehaf's Assorted Antiques.
 37280 | Snake:4  | Entered Level 4 of the Snake Pit
 38078 | Snake:4  | Found Mato's Gadget Gallery.
 38148 | Snake:4  | Reached skill level 23 in Fighting
 38346 | Snake:4  | Reached skill level 10 in Throwing
 38667 | Snake:4  | Received a gift from Trog
 38756 | Snake:4  | Found the macabre finger necklace {rN+}
 39654 | Snake:4  | Reached XP level 20. HP: 170/205 MP: 19/19
 39766 | Snake:4  | Got a serpentine rune of Zot
 40096 | Elf:1    | Entered Level 1 of the Elven Halls
 40215 | Elf:1    | Got the Atlas of Snow
 40328 | Elf:1    | Reached skill level 24 in Fighting
 40328 | Elf:1    | Reached XP level 21. HP: 214/214 MP: 20/20
 40377 | Elf:2    | Identified the +6 falchion of Oge Ruf {vorpal, rElec
                  | Will++}
 40525 | Elf:1    | Received a gift from Trog
 40917 | Elf:2    | Acquired a manual of Dodging
 40921 | Elf:2    | Acquired the ring "Utaorch" {rElec rPois Will+ Int+6 Dex+4}
 40942 | Elf:3    | Entered Level 3 of the Elven Halls
 41028 | Elf:1    | Noticed Frances
 41033 | Elf:1    | Killed Frances
 41318 | Elf:2    | Found a runed translucent gate.
 41318 | Elf:2    | Found a runed translucent gate.
 41324 | Elf:2    | Found a runed translucent gate.
 41426 | Elf:2    | Found a shimmering blue altar of Sif Muna.
 41677 | Elf:2    | Received a gift from Trog
 42478 | Elf:3    | Paralysed by an air elemental for 1 turns
 42559 | Elf:3    | Found Punt's Jewellery Emporium.
 42561 | Elf:3    | Found Woqexky's Book Boutique.
 42562 | Elf:3    | Found Edoor's Jewellery Emporium.
 42939 | Elf:3    | Reached skill level 25 in Fighting
 43023 | Elf:3    | Identified the +11 hand axe of Wondrous Power {antimagic,
                  | rElec rCorr Str+4} (Trog gifted it to you on level 3 of the
                  | Elven Halls)
 43023 | Elf:3    | Received a gift from Trog
 43068 | Elf:3    | Identified the +1 leather armour of Dimo {Fly rElec rN+}
 43068 | Elf:3    | Identified the ring of Qinic {EV+4 Int+3}
 43080 | Elf:3    | Reached skill level 5 in Evocations
 43231 | Elf:3    | Got Fonah's Omnibus of the Traveller
 43234 | Elf:3    | Got Ugiulash's Monograph on the Translocated Throng
 43239 | Elf:3    | Identified the +0 buckler "Dadet" {rElec rC+ Int+3 Slay+2}
 43245 | Elf:3    | Got the Directory of Voltaic Venin
 43264 | Elf:3    | Identified the +6 glaive of Glory {flame, rElec rC++ Int-2
                  | Stlth+}
 43722 | Slime:1  | Entered Level 1 of the Pits of Slime
 43908 | Slime:1  | Reached XP level 22. HP: 213/227 MP: 21/21
 43908 | Slime:1  | Received a gift from Trog
 43952 | Slime:2  | Reached skill level 10 in Dodging
 45589 | Slime:3  | Found a viscous altar of Jiyva.
 45691 | Slime:3  | Reached skill level 26 in Fighting
 46323 | Slime:4  | Gained mutation: You are weak. (Str -2) [a shining eye]
 47436 | Slime:5  | Entered Level 5 of the Pits of Slime
 47718 | Slime:5  | Gained mutation: Your spells are a little easier to cast,
                  | but a little less powerful. [a shining eye]
 47729 | Slime:5  | Noticed the Royal Jelly
 47743 | Slime:5  | HP: 11/231 [the Royal Jelly (26)]
 47743 | Slime:5  | Mangled by the Royal Jelly

Illustrated notes

Levels and vault maps discovered:
D:1:      beargit_arrival_greenhouse, layout_loops_ring, minmay_pentomino_t4
D:2:      layout_basic, hellmonk_ecumenical_altar_zigzags
D:3:      layout_loops_cross, minmay_door_square
D:4:      layout_rooms, pdpol_wu_jian_five_deadly_venoms
D:5:      layout_loops_cross, cheibrodos_sewer_entry_sluice, uniq_ijyb,
          uniq_eustachio, uniq_sigmund
D:6:      layout_cave_pods, minmay_temple_entry_wispy
D:7:      layout_rooms, serial_shops, nicolae_shop_behind_doors,
          kennysheep_windowed_goal, uniq_maggie, uniq_pikel
D:8:      layout_gridville
D:9:      layout_loops_corners, david_lair_generic
D:10:     layout_cave_pools, nicolae_trove_entry_crystal,
          hangedman_abyss_or_decor_passed, minmay_rotating_lava
D:11:     layout_long_grid
D:12:     minmay_tri_stars, layout_irregular_city, hiddenorc1_lemuel,
          serial_column_ruins, column_ruins_hut, column_ruins_hut,
          column_ruins_columns_straight, column_ruins_open_small,
          column_ruins_open_tiny, column_ruins_corridor_plus,
          portal_ice_cave_rime, uniq_fannar, uniq_josephine
D:13:     layout_basic, ebering_ghost_funeral_grove
D:14:     layout_loops_ring, lightli_vaults_fourway_checkpoint,
          lemuel_doored_altar, dreamdust_looks_like_rain
D:15:     gammafunk_enter_depths_forms, layout_irregular_city,
          nicolae_ashenzari_panopticon, minmay_hidden_floor
Temple:   roderic_octagonal_lattice_temple
Lair:1:   layout_cave_shapes, serial_bayou_shore_a, grunt_megastairs_1,
          infiniplex_staircase_pool
Lair:2:   layout_cellular_growth, elwin_shoals_entry_stream, tgw_fedhas
Lair:3:   nzn_winding_woodlands_small [nzn_winding_woodlands_5x15_sawtooth,
          nzn_winding_woodlands_center_pierced_h,
          nzn_winding_woodlands_5x15_default], layout_long_grid,
          minmay_snake_entry_six_corridors, st_stairs_12
Lair:4:   layout_regular_city, gauntlet_entry_generic,
          small_statue_intersection, st_stairs_7, lemuel_fruit_tree
Lair:5:   hellmonk_destroyed_diamonds, layout_gridlike,
          hellmonk_ghost_happy_afterlife, uniq_sonja
Lair:6:   guppyfry_lair_end_dragon, layout_gridlike, dpeg_slime_entry_enclosed,
          enter_volcano_4
Shoals:1: layout_shoals, gammafunk_ghost_split, nicolae_shoals_dead_sea_scrolls
Shoals:2: layout_shoals, ebering_ghost_inner_flame, serial_shops,
          nicolae_shop_overgrown_old_shop, nicolae_shoals_hunting_party,
          uniq_polyphemus, uniq_ilsuiw, uniq_kirke
Shoals:3: layout_shoals
Shoals:4: shoals_end_simple, layout_shoals, uniq_mlioglotl
Snake:1:  layout_cave_shapes, gammafunk_ghost_berserking_beasts,
          nicolae_snake_salamander_stairs, grunt_megastairs_3
Snake:2:  layout_basic, nicolae_snake_serpentine_bazaar, minmay_shoptagon,
          uniq_aizul, uniq_louise, uniq_jorgrun, uniq_vashnia
Snake:3:  layout_onion_interference, serial_shops, shop, st_stairs_10
Snake:4:  grunt_snake_rune_spirals, layout_onion_interference,
          grunt_ministairs_7, nicolae_shop_gadgets
Slime:1:  layout_caves, cheibrodos_slime_lost_civilization_5
Slime:2:  layout_caves
Slime:3:  layout_caves, basic_altar
Slime:4:  layout_caves
Slime:5
Orc:1:    layout_caves, nicolae_alphabet_shops, minmay_shop_mass, mines1_david
Orc:2:    grunt_orc_community_town_hall, layout_caves,
          grunt_orc_community_big_house_2, grunt_orc_community_big_house_2,
          grunt_orc_community_house_3, grunt_orc_community_house_2,
          grunt_orc_community_house_2, grunt_orc_community_house_1,
          grunt_orc_community_house_3, grunt_orc_community_house_3
Elf:1:    eino_elf_arrival_the_gate, layout_gridlike, hangedman_elf_represent,
          uniq_frances
Elf:2:    elven_hall_of_blades_hangedman_original [mumra_blade_entry_dagger],
          layout_geoelf_diagonals, basic_altar, amcnicky_mini_corridor_feature
Elf:3:    minmay_elf_hall_statues, layout_loops_cross, minmay_shop_grove

Skill      XL: |  1  2  3  4  5  6  7  8  9 10 11 12 13 14 15 16 17 18 19 20 21 22 |
---------------+-------------------------------------------------------------------+-----
Axes           | 4 5 6 7 9 11 13 15 17 19 22 23 | 23.4
Fighting       | 4 5 6 7 8 10 12 14 15 17 19 21 23 24 25 26 | 26.3
Maces & Flails | 1 2 3 6 |  6.4
Dodging        | 3 5 6 7 8 9 11 | 11.5
Armour         | 3 4 5 8 9 10 11 13 14 15 16 17 19 20 21 22 | 22.0
Throwing       | 1 2 3 4 5 6 7 8 10 11 | 11.9
Stealth        | 1 2 3 |  3.4
Polearms       | 5 6 |  6.0
Shields        | 4 6 7 |  7.8
Evocations     | 1 2 3 5 |  5.4

Action                   |  1- 3 |  4- 6 |  7- 9 | 10-12 | 13-15 | 16-18 | 19-21 | 22-24 || total
-------------------------+-------+-------+-------+-------+-------+-------+-------+-------++-------
Melee: Flail             |    80 |       |       |       |       |       |       |       ||    80
       Headbutt          |    10 |    11 |    36 |    73 |   107 |   157 |   137 |    43 ||   574
       Hand axe          |    17 |    90 |   128 |       |       |       |       |       ||   235
       Punch             |       |       |     1 |     3 |       |       |       |       ||     4
       Whip              |       |       |   142 |       |       |       |       |       ||   142
       War axe           |       |       |     9 |   317 |    35 |    14 |       |       ||   375
       Halberd           |       |       |       |   112 |       |       |       |       ||   112
       Executioner's axe |       |       |       |       |   441 |   863 |   629 |   123 ||  2056
       Demon trident     |       |       |       |       |     3 |       |       |       ||     3
Throw: Dart              |     9 |    12 |    41 |    73 |    27 |    55 |       |       ||   217
       Stone             |       |       |       |    11 |     5 |     4 |    37 |       ||    57
       Boomerang         |       |       |       |       |       |    49 |    64 |    34 ||   147
Invok: Berserk           |       |     1 |     2 |     5 |       |     3 |       |     1 ||    12
       Trog's Hand       |       |       |       |     9 |     2 |     8 |     5 |     2 ||    26
       Brothers in Arms  |       |       |       |     1 |       |       |     3 |       ||     4
Evoke: Wand              |       |       |       |     4 |       |    15 |       |       ||    19
       Tin of tremorston |       |       |       |       |     2 |       |       |       ||     2
       Lightning rod     |       |       |       |       |       |     4 |       |       ||     4
       Piece from Xom's  |       |       |       |       |       |       |    45 |       ||    45
  Use: Scroll            |       |       |    12 |     1 |     7 |     4 |     4 |     1 ||    29
       Potion            |       |       |       |       |     1 |     3 |     1 |       ||     5
 Stab: Petrifying        |       |       |       |       |       |     1 |       |       ||     1
       Confused          |       |       |       |       |       |       |     1 |       ||     1
Armor: Animal skin       |    11 |       |       |       |       |       |       |       ||    11
       Ring mail         |    28 |     7 |       |       |       |       |       |       ||    35
       Chain mail        |       |    42 |   104 |    67 |       |       |       |       ||   213
       Plate armour      |       |     5 |       |   108 |   275 |   409 |   257 |    68 ||  1122
       Leather armour    |       |       |    54 |       |       |       |       |       ||    54
Dodge: Dodged            |    83 |    39 |   226 |   245 |   233 |   508 |   283 |    54 ||  1671
Block: Other             |       |       |       |       |    14 |   191 |    99 |    18 ||   322
       Reflection        |       |       |       |       |       |    21 |    15 |     1 ||    37

Table legend: (Time is in decaauts)
 A = Elapsed time spent in this place.
 B = Non-inter-level travel time spent in this place.
 C = Inter-level travel time spent in this place.
 D = Time resting spent in this place.
 E = Time spent auto-exploring this place.
 F = Levels seen in this place.
 G = Mean time per level.
                   A        B        C        D        E       F      G
               +--------+--------+--------+--------+--------+-----+--------+
         Total |  47328 |  43661 |   3667 |   2055 |  28372 |  46 | 1028.9 |
       Dungeon |  17964 |  16416 |   1548 |    932 |  11003 |  15 | 1197.6 |
        Temple |    374 |    351 |     23 |      0 |    329 |   1 |  374.0 |
          Lair |   6775 |   6139 |    636 |      0 |   4194 |   6 | 1129.2 |
        Shoals |   4245 |   3767 |    478 |    125 |   2086 |   4 | 1061.2 |
     Snake Pit |   5788 |   5498 |    290 |    305 |   3649 |   4 | 1447.0 |
    Slime Pits |   3974 |   3734 |    240 |    564 |   1959 |   5 |  794.8 |
  Orcish Mines |   1660 |   1457 |    203 |      0 |   1079 |   2 |  830.0 |
   Elven Halls |   3364 |   3118 |    246 |     65 |   2022 |   3 | 1121.3 |
         Abyss |    556 |    556 |      0 |     25 |    255 |   2 |  278.0 |
         Sewer |    231 |    231 |      0 |      0 |    170 |   1 |  231.0 |
      Ice Cave |   1473 |   1473 |      0 |     37 |   1173 |   1 | 1473.0 |
       Volcano |    183 |    183 |      0 |      0 |     33 |   1 |  183.0 |
      Gauntlet |    736 |    736 |      0 |      0 |    420 |   1 |  736.0 |
               +--------+--------+--------+--------+--------+-----+--------+

Top non-repeatable levels by time:
    D:10: 2405 daAuts
 Snake:4: 1991 daAuts
     D:9: 1711 daAuts
 Snake:2: 1657 daAuts
    D:13: 1635 daAuts
    D:12: 1630 daAuts
  Lair:2: 1620 daAuts
   IceCv: 1473 daAuts
     D:8: 1306 daAuts
   Elf:2: 1234 daAuts
     D:7: 1229 daAuts
    D:11: 1144 daAuts
 Snake:1: 1125 daAuts
   Elf:3: 1121 daAuts
Shoals:1: 1115 daAuts
